 Dungeon Crawl Stone Soup version 0.29-a0-1027-gcd8c55af63 (webtiles) character file.

Game seed: 17230003471381211189

196 hikkokomori the Firebug (level 6, 0/48 HPs)
             Began as a Meteoran Fire Elementalist on Aug 13, 2022.
             Slain by a quasit (2 damage)
             ... on level 3 of the Dungeon.
             The game lasted 00:08:25 (1289 turns).

hikkokomori the Firebug (MeFE)                      Turns: 1289, Time: 00:08:25

Health: 0/48       AC:  3    Str:  9 (10) XL:     6   Next: 26%
Magic:  5/13       EV:  2    Int: 18      God:
Gold:   77         SH:  0    Dex: -7 (15) Spells: 11/14 levels left

rFire   . . .      SeeInvis .   k - +0 rapier (drain)
rCold   . . .      Faith    .   (no shield)
rNeg    . . .      Spirit   .   a - +1 robe
rPois   .          Reflect  .   (no helmet)
rElec   .          Harm     .   (no cloak)
rCorr   .          Rampage  .   (no gloves)
Will    .....                   (no boots)
Stlth   ..........              (no amulet)
HPRegen 0.16/turn               (no ring)
MPRegen 0.13/turn               (no ring)

@: slowed, lost dexterity, glowing, very slow
A: sense surroundings 1, otherworldly, glowing, explore regen
a: no special abilities


You were on level 3 of the Dungeon.
You visited 1 branch of the dungeon, and saw 3 of its levels.

You collected 77 gold pieces.

Inventory:

Hand Weapons
 c - a +0 dagger
 k - a +0 rapier of draining (weapon)
 o - a +0 quarterstaff
Missiles
 e - 18 stones
Armour
 a - a +1 robe (worn)
Magical Staves
 f - a staff of cold
Scrolls
 d - a scroll of teleportation
 j - a scroll of enchant armour
Potions
 g - a potion of heal wounds
 l - a potion of attraction


   Skills:
 + Level 2.0 Fighting
 + Level 3.4 Dodging
 - Level 1.4 Stealth
 * Level 4.6 Spellcasting
 - Level 1.2 Conjurations
 * Level 5.3 Fire Magic


You had 11 spell levels left.
You knew the following spells:

 Your Spells              Type           Power      Damage    Failure   Level
a - Foxfire               Conj/Fire      60%        2x1d7     3%          1
b - Scorch                Fire           46%        2d7       2%          2

Your spell library contained the following spells:

 Spells                   Type           Power      Damage    Failure   Level
 Conjure Flame            Conj/Fire      15%        6-21      11%         3
 Inner Flame              Hex/Fire       13%        N/A       14%         3
 Flame Wave               Conj/Fire      15%        2d7       34%         4


Dungeon Overview and Level Annotations

Branches:
Dungeon (3/15) Zot: 503

Altars:

Annotations:
D:3 quixfox's ghost, amateur GrEE


Innate Abilities, Weirdness & Mutations

You passively map a small area around you.
You are easily found by Zot.
You glow in the dark.
You regain HP and MP as you explore.


Message History

The quasit claws you but does no damage. x2
Casting: Scorch (safe; 2% risk of failure)
Confirm with . or Enter, or press ? or * to list all spells.
Flames lash the quasit.
The quasit resists.
The quasit is lightly wounded.
The quasit's fire resistance burns away.
Quixfox's ghost is no longer more vulnerable to fire.
The quasit bites you but does no damage.
The quasit claws you.
The quasit claws you but does no damage.
The quasit bites you. The quasit barely misses you. The quasit claws you.
* * * LOW HITPOINT WARNING * * *
The quasit bites you.
* * * LOW HITPOINT WARNING * * *
You feel clumsy.
The quasit claws you but does no damage.
The quasit claws you.
* * * LOW HITPOINT WARNING * * *
You feel clumsy.
Unknown command.
The quasit attacks as you move away! The quasit barely misses you.
The quasit claws you but does no damage.
The quasit claws you.
* * * LOW HITPOINT WARNING * * *
You feel clumsy.
The quasit is no longer more vulnerable to fire.
The quasit bites you but does no damage.
The quasit claws you but does no damage.
The quasit claws you.
* * * LOW HITPOINT WARNING * * *
The quasit bites you.
* * * LOW HITPOINT WARNING * * *
You feel clumsy.
The quasit claws you but does no damage.
The quasit claws you.
* * * LOW HITPOINT WARNING * * *
There is a transporter here.
You enter the transporter and appear at another place.
The quasit bites you.
You die...

####.##.##..#..$(.....#.....##.
#.......#....###=..##.##.##.##.
#.#.....##.#.....#W....#.##.##.
#.#.#....#...#[.©..##..#.##.##.
#.#.##.#.#..##..#......#.##.##.
#.#.#.##.#...5#...#...##.##.##.
#.#.##.#.##....W.#.)..#..##.###
#....##...##©###..#####.###)###
#..........###@####..........).
#...<....#....55....#.#####.###
#...........#..######.# ##.#.##
#.............#######.###.###.#
#........................## ##.
#........#.##[#####.#####.###.#
#.#.###.##.##.#####.######.#.##
#.#.# #.....................##
#.#.. .......................#


You could see 2 quasits.

Vanquished Creatures
  An ice beast (D:3)
  A hound (D:2)
  A gnoll (D:1)
  An adder (D:2)
  2 worms
  2 dart slugs
  4 ball pythons
  6 bats
  3 endoplasms
  2 giant cockroaches
  A hobgoblin (D:2)
  A quokka (D:1)
  A frilled lizard (D:2)
  9 goblins
  6 kobolds
  6 rats
47 creatures vanquished.

Vanquished Creatures (others)
  62 foxfires
62 creatures vanquished.

Grand Total: 109 creatures vanquished

Notes
Turn   | Place    | Note
-------+----------+-------------------------------------------
     0 | D:1      | hikkokomori the Meteoran Fire Elementalist began the quest
                  | for the Orb.
     0 | D:1      | Reached XP level 1. HP: 14/14 MP: 5/5
    42 | D:1      | Reached XP level 2. HP: 20/20 MP: 1/6
   157 | D:1      | Reached skill level 4 in Fire Magic
   228 | D:1      | Reached XP level 3. HP: 14/27 MP: 4/8
   277 | D:1      | Reached skill level 1 in Fighting
   349 | D:2      | Reached XP level 4. HP: 28/35 MP: 3/10
   471 | D:2      | Reached XP level 5. HP: 37/40 MP: 6/11
   691 | D:3      | Found a transporter.
   695 | D:3      | Noticed quixfox's ghost (amateur GrEE)
   735 | D:3      | Found a transporter.
   753 | D:3      | Learned a level 2 spell: Scorch
   908 | D:3      | Noticed an ice beast
   913 | D:3      | Killed an ice beast
   914 | D:3      | Reached skill level 5 in Fire Magic
   914 | D:3      | Reached XP level 6. HP: 48/48 MP: 6/13
  1282 | D:3      | Lost dexterity.
  1288 | D:3      | HP: 2/48 [quasit (1)]
  1289 | D:3      | Slain by a quasit

Illustrated notes

Levels and vault maps discovered:
D:1:      amcnicky_arrival_underground_garden, layout_basic,
          shapermc_ecumenical_altar_totnotflames
D:2:      layout_basic, minmay_misc_feat_room
D:3:      layout_loops_ring, nicolae_overflow_hidden_temple,
          gammafunk_ghost_stat_death

Skill      XL: |  1  2  3  4  5 |
---------------+----------------+-----
Spellcasting   | 3 4 |  4.6
Fire Magic     | 4 5 |  5.3
Fighting       | 1 2 |  2.0
Dodging        | 3 |  3.4
Stealth        | |  1.4
Conjurations   | |  1.2

Action                   |  1- 3 |  4- 6 || total
-------------------------+-------+-------++-------
Melee: Dagger            |    32 |    20 ||    52
       Quarterstaff      |       |    14 ||    14
       Rapier            |       |    10 ||    10
 Cast: Foxfire           |    29 |    10 ||    39
       Scorch            |       |    18 ||    18
  Use: Scroll            |     1 |     5 ||     6
       Potion            |       |     7 ||     7
 Stab: Sleeping          |       |     1 ||     1
Armor: Robe              |    14 |    75 ||    89
Dodge: Dodged            |    20 |    70 ||    90

Table legend: (Time is in decaauts)
 A = Elapsed time spent in this place.
 B = Non-inter-level travel time spent in this place.
 C = Inter-level travel time spent in this place.
 D = Time resting spent in this place.
 E = Time spent auto-exploring this place.
 F = Levels seen in this place.
 G = Mean time per level.
                   A        B        C        D        E       F      G
               +--------+--------+--------+--------+--------+-----+--------+
         Total |   1295 |   1244 |     51 |     13 |    434 |   3 |  431.7 |
       Dungeon |   1295 |   1244 |     51 |     13 |    434 |   3 |  431.7 |
               +--------+--------+--------+--------+--------+-----+--------+

Top non-repeatable levels by time:
     D:3: 613 daAuts
     D:2: 350 daAuts
     D:1: 331 daAuts
